 Dungeon Crawl Stone Soup version 0.31-a0-703-gcfe89afef6 (webtiles) character file.

Game seed: 7804375613275290932

49701 olmar the Eclecticist (level 14, -5/63 HPs)
             Began as a Spriggan Earth Elementalist on Sept 8, 2023.
             Was an Initiate of Gozag.
             Slain by a skyshark (10 damage)
             ... on level 4 of the Lair of Beasts.
             The game lasted 00:38:32 (25533 turns).

olmar the Eclecticist (SpEE)                       Turns: 25533, Time: 00:38:33

Health: -5/63      AC: 11    Str:  4    XL:     14   Next: 17%
Magic:  37/37      EV: 22    Int: 20    God:    Gozag
Gold:   1547       SH:  0    Dex: 17    Spells: 36/49 levels left

rFire   + + .        F - staff of earth
rCold   + . .        (shield currently unavailable)
rNeg    . . .        L - +2 robe {rF+}
rPois   .            w - +0 hat {Will+}
rElec   +            D - +2 cloak
rCorr   +            (gloves unavailable)
SInv    +            (boots unavailable)
Will    ++++.        R - amulet of regeneration
Stlth   ++++         U - ring of Suehy {Drain +Blink rElec rF+ rCorr}
HPRegen 1.10/turn    O - ring of Lilacs {+Blink rC+ AC+4 SInv}
MPRegen 0.25/turn

%: no passive effects
@: enlightened, flying, hasted, very quick
A: very small, no large weapons, unfitting armour, see invisible, speed 3
a: Renounce Religion, Evoke Blink, Potion Petition, Call Merchant, Bribe Branch


You were on level 4 of the Lair of Beasts.
You worshipped Gozag.
Gozag was most pleased with you.
You visited 3 branches of the dungeon, and saw 20 of its levels.
You also visited: Volcano.

You collected 3532 gold pieces.
You spent 775 gold pieces at shops.
You paid 1210 gold pieces to Gozag.

Inventory:

Hand Weapons
 G - a +2 hand cannon of flaming
Missiles
 h - 42 poisoned darts
 r - 7 throwing nets
Armour
 n - the +3 buckler "Dixo" {+Blink Dex+2}
   (You acquired it on level 13 of the Dungeon)

   Dex+2:     It affects your dexterity (+2).
   +Blink:    It lets you blink.
 w - a +0 hat of willpower (worn)
 D - a +2 cloak (worn)
 L - a +2 robe of fire resistance (worn)
 V - +0 acid dragon scales
Magical Staves
 m - a staff of death
 F - a staff of earth (weapon)
Jewellery
 j - a ring of protection from cold
 O - the ring of Lilacs (right hand) {+Blink rC+ AC+4 SInv}
   (You found it on level 9 of the Dungeon)

   [ring of protection]

   AC+4:      It affects your AC (+4).
   rC+:       It protects you from cold.
   SInv:      It lets you see invisible.
   +Blink:    It lets you blink.
 R - an amulet of regeneration (around neck)
 U - the ring of Suehy (left hand) {Drain +Blink rElec rF+ rCorr}
   (You found it on level 12 of the Dungeon)

   [ring of resist corrosion]

   rF+:       It protects you from fire.
   rElec:     It insulates you from electricity.
   +Blink:    It lets you blink.
   rCorr:     It protects you from acid and corrosion.
   Drain:     It drains your maximum health when unequipped.
 Y - an amulet of the acrobat
 Z - a +6 ring of strength
Talismans
 y - a flux talisman
 Q - a blade talisman
 S - a maw talisman
Wands
 e - a wand of digging (4)
 k - a wand of polymorph (7)
 x - a wand of acid (9)
 B - a wand of iceblast (3)
 K - a wand of paralysis (2)
 P - a wand of flame (40)
Scrolls
 d - 2 scrolls of fog
 f - a scroll of vulnerability
 i - 4 scrolls of immolation
 l - 8 scrolls of poison
 o - 3 scrolls of blinking {unknown}
 v - a scroll of brand weapon
 z - 12 scrolls of teleportation
 E - 7 scrolls of enchant armour
 N - 2 scrolls of torment {unknown}
 T - 2 scrolls of fear
 W - a scroll of noise {unknown}
 X - a scroll of silence
Potions
 b - 2 potions of magic
 c - 9 potions of heal wounds
 g - 4 potions of enlightenment
 q - 7 potions of curing
 s - 5 potions of attraction
 t - 6 potions of haste
 u - 2 potions of resistance
 A - 3 potions of brilliance
 C - a potion of degeneration
 H - a potion of lignification
 I - 2 potions of mutation
 J - 2 potions of berserk rage
 M - 3 potions of might


   Skills:
 + Level 2.8 Fighting
 + Level 2.0 Staves
 + Level 7.7 Dodging
 + Level 6.8 Stealth
 + Level 18.2 Spellcasting
 + Level 9.1 Conjurations
 + Level 3.1 Transmutations
 + Level 12.8 Earth Magic


You had 36 spell levels left.
You knew the following spells:

 Your Spells              Type           Power      Damage    Failure   Level
a - Sandblast             Erth           100%       2d20      0%          1
b - Stone Arrow           Conj/Erth      100%       3d13      1%          3
c - Petrify               Tmut/Erth      66%        N/A       1%          4
d - Passwall              Tmut/Erth      55%        N/A       1%          2
e - Mephitic Cloud        Conj/Pois/Air  30%        N/A       2%          3

Your spell library contained the following spells:

 Spells                   Type           Power      Damage    Failure   Level
 Wereblood                Tmut           30%        N/A       1%          2
 Dazzling Flash           Conj/Hex       72%        N/A       1%          3
 Hailstorm                Conj/Ice       36%        3d9       1%          3
 Freeze                   Ice            72%        1d8       3%          1
 Poisonous Vapours        Pois/Air       36%        N/A       4%          2
 Sublimation of Blood     Necr           18%        N/A       4%          2
 Fulminant Prism          Conj/Hex       18%        3d11      4%          4
 Iskenderun's Mystic Bla  Conj/Tloc      36%        2d9       4%          4
 Frozen Ramparts          Ice            36%        1d6       9%          3
 Inner Flame              Hex/Fire       18%        N/A       9%          3
 Volatile Blastmotes      Fire/Tloc      36%        2d13      9%          3
 Freezing Cloud           Conj/Ice/Air   15%        6-21      24%         5
 Olgreb's Toxic Radiance  Pois           18%        N/A       30%         4
 Yara's Violent Unravell  Hex/Tmut       12%        3d7       41%         5
 Starburst                Conj/Fire      18%        6d7       56%         6
 Agony                    Necr           18%        N/A       63%         5
 Silence                  Hex/Air        9%         N/A       63%         5
 Enfeeble                 Hex            9%         N/A       100%        7
 Summon Hydra             Summ           9%         N/A       100%        7
 Discord                  Hex            9%         N/A       100%        8
 Ignition                 Fire           9%         3d5       100%        8
 Maxwell's Capacitive Co  Air            9%         ∞         100%        8


Dungeon Overview and Level Annotations

Branches:
Dungeon (14/15)            Temple (1/1) D:7            Lair (5/5) D:9
  Swamp (0/4) Lair:3       Spider (0/4) Lair:2        Slime (0/5) Lair:5
    Orc (0/2) D:12        Volcano (visited)
 Vaults: D:13-14

Altars:
Ashenzari
Cheibriados
Dithmenos
Elyvilon
Fedhas
Gozag
Hepliaklqana
Kikubaaqudgha
Makhleb
Nemelex Xobeh
Okawaru
Qazlal
Ru
Sif Muna
Trog
Uskayaw
Vehumet
Wu Jian
Xom
Yredelemnul
Zin
The Shining One

Shops:
D:1 [   D:2 =   D:3 =   D:6 *   D:9 [   D:11 *

Annotations:
D:5 Dowan, Duvessa
Lair:4 exclusion: oklob plant
Lair:5 1 runed translucent door


Innate Abilities, Weirdness & Mutations

You are very small and have problems with some larger weapons.
You are too small for most types of armour.
You have supernaturally acute eyesight. (SInv)
You cover ground extremely quickly. (Speed+++)


Message History

The eight-headed hydra completely misses you.
The eight-headed hydra bites you.
* * * LOW HITPOINT WARNING * * *
The eight-headed hydra bites you but does no damage. x2
The eight-headed hydra misses you. The blink frog barely misses you.
The skyshark bites you!
* * * LOW HITPOINT WARNING * * *
The skyshark tail-slaps you.
* * * LOW HITPOINT WARNING * * *
The skyshark closely misses you.
Unknown command.
Okay, then.
Okay, then.
Okay, then. [a] - 400 gold - haste, enlightenment and heal wounds [b] - 588 gold - haste, resistance, might and brilliance [c] - 125 gold - heal wounds Purchase which effect?
You feel yourself speed up.
You feel very buoyant.
You fly up into the air.
You feel much better.
The blink frog hits you but does no damage.
The skyshark misses you. x2
The skyshark tail-slaps you but does no damage.
The eight-headed hydra bites you! The eight-headed hydra bites you.
* * * LOW HITPOINT WARNING * * *
The eight-headed hydra completely misses you.
The eight-headed hydra bites you but does no damage. x3
The eight-headed hydra bites you.
* * * LOW HITPOINT WARNING * * *
The eight-headed hydra misses you.
Unknown command.
Unknown command.
You feel much better. The blink frog hits you! The skyshark bites you!!
* * * LOW HITPOINT WARNING * * *
The skyshark tail-slaps you.
* * * LOW HITPOINT WARNING * * *
The skyshark tail-slaps you!
You die...
Your body crumbles into a pile of gold.

P##.....#.#P...##..# #..♣......
..#...######P.#.##.# ##.........
.....## ###.....####..PP.....#
#....### ##.....##....PP....#
####...# ###.######..P........# #
#P..P# ##..###..F..##..P.....#
###...## ##..........####♣P.....#
#......###PP...l.D..## ##........
....P...##.....F@#### #........P
.............#.### ####.♣......
..........#.#.### ###.###.P.....
.............##.####P.####♣♣♣.P..
........................### #♣...
.....................#....# ##.♣.
.....................###..###....
......................PP.......##
...........................##.###


You could see a skyshark (berserk), an eight-headed hydra and 2 blink frogs.

Vanquished Creatures
  4 hydras
  A catoblepas (Lair:4)
  A dancing weapon (Volcano)
  3 centaur warriors (D:13)
  7 two-headed ogres
  Nergalle (D:10)
  5 skysharks
  3 skeletal warriors (D:11)
  4 wizards (Volcano)
  A deep elf pyromancer (D:13)
  Pikel (D:4)
  2 cyclopes
  3 manticores
  5 toenail golems (Volcano)
  6 black mambas
  2 guardian serpents (D:12)
  3 elephants (Lair:4)
  11 cane toads
  A gargoyle (D:13)
  A torpor snail (Lair:4)
  A kobold demonologist (D:9)
  An unseen horror (D:11)
  2 rime drakes
  Maggie (Lair:1)
  3 komodo dragons
  7 trolls
  A polar bear (Lair:4)
  A hornet (D:10)
  A dream sheep (Lair:5)
  18 blink frogs
  Grinder (D:4)
  6 slime creatures
  A spriggan (Lair:4)
  2 vampires
  Eustachio (D:4)
  2 wraiths
  6 shadows
  3 basilisks
  A wyvern (D:8)
  21 yaks
  4 steam dragons
  4 vampire mosquitoes
  An acid dragon (D:9)
  8 water moccasins
  A black bear (D:5)
  An orc warrior (D:10)
  4 ice beasts
  A sky beast (D:7)
  5 wolves
  9 centaurs
  An ogre (D:4)
  4 kobold brigands
  A gnoll sergeant (D:9)
  12 bullfrogs
  6 scorpions
  7 wights
  5 killer bees (D:9)
  4 electric eels
  2 howler monkeys
  7 hounds
  2 jellies
  Crazy Yiuf (D:5)
  6 orc priests
  A gnoll bouda (D:7)
  3 sleepcaps
  3 iguanas
  10 orc wizards
  16 gnolls
  3 adders
  A shadow imp (D:8)
  3 white imps
  An ufetubus (D:5)
  A dart slug (D:4)
  43 orcs
  2 bats (D:3)
  3 endoplasms
  7 giant cockroaches
  8 goblins
  5 hobgoblins
  23 kobolds
  2 quokkas
  4 ball pythons
  2 frilled lizards
  5 rats
387 creatures vanquished.

Vanquished Creatures (others)
  A wizard (Volcano)
1 creature vanquished.

Grand Total: 388 creatures vanquished

Notes
Turn   | Place    | Note
-------+----------+-------------------------------------------
     0 | D:1      | olmar the Spriggan Earth Elementalist began the quest for
                  | the Orb.
     0 | D:1      | Reached XP level 1. HP: 9/9 MP: 5/5
   158 | D:1      | Found Wimul's Armour Emporium.
   513 | D:1      | Reached skill level 3 in Spellcasting
   526 | D:1      | Reached XP level 2. HP: 13/13 MP: 5/7
   860 | D:2      | Found Dinoiny's Jewellery Boutique.
   889 | D:2      | Reached XP level 3. HP: 16/16 MP: 6/9
   925 | D:2      | Learned a level 3 spell: Stone Arrow
   955 | D:2      | You fall into a shaft and drop 2 floors!
  1067 | D:4      | Found a shimmering blue altar of Sif Muna.
  1085 | D:4      | Noticed Grinder
  1209 | D:4      | Noticed a scorpion
  1230 | D:4      | Killed a scorpion
  1231 | D:4      | Reached skill level 4 in Spellcasting
  1231 | D:4      | Reached XP level 4. HP: 4/21 MP: 1/11
  1463 | D:3      | Reached XP level 5. HP: 24/24 MP: 9/12
  1630 | D:3      | Found Ecackofett's Jewellery Shoppe.
  1868 | D:3      | Reached skill level 5 in Spellcasting
  2345 | D:4      | Reached XP level 6. HP: 15/28 MP: 7/15
  2477 | D:4      | Killed Grinder
  2478 | D:4      | Reached skill level 6 in Spellcasting
  2478 | D:4      | Reached skill level 5 in Earth Magic
  2670 | D:4      | Reached XP level 7. HP: 32/32 MP: 15/18
  2860 | D:4      | Reached skill level 7 in Spellcasting
  3281 | D:4      | Noticed Eustachio
  3404 | D:4      | Killed Eustachio
  3491 | D:5      | Entered Level 5 of the Dungeon
  3507 | D:4      | Reached skill level 8 in Spellcasting
  4255 | D:5      | Reached XP level 8. HP: 37/37 MP: 3/21
  4587 | D:5      | Noticed Pikel
  4626 | D:4      | Killed Pikel
  4627 | D:4      | Reached skill level 1 in Fighting
  4627 | D:4      | Reached skill level 9 in Spellcasting
  4627 | D:4      | Reached skill level 1 in Conjurations
  5098 | D:5      | Noticed Duvessa
  5098 | D:5      | Noticed Dowan
  5143 | D:4      | Learned a level 4 spell: Petrify
  5146 | D:4      | Learned a level 2 spell: Passwall
  5179 | D:5      | Identified the +0 war axe "Noodidel" {flame, Fragile Dex+3
                  | SInv}
  5273 | D:5      | Found a runed translucent door.
  5274 | D:5      | Noticed Crazy Yiuf
  5293 | D:5      | Killed Crazy Yiuf
  5676 | D:6      | Reached skill level 10 in Spellcasting
  5833 | D:6      | Reached XP level 9. HP: 36/41 MP: 1/24
  6896 | D:6      | Found Alewuag's Elemental Accessories.
  7104 | D:7      | Reached skill level 11 in Spellcasting
  7414 | D:7      | Reached skill level 5 in Stealth
  7531 | D:7      | Found a shimmering altar of Xom.
  7537 | D:7      | Found a shimmering altar of Xom.
  7537 | D:7      | Found a shimmering altar of Xom.
  7538 | D:7      | Found a shimmering altar of Xom.
  7538 | D:7      | Found a shimmering altar of Xom.
  7539 | D:7      | Found a shimmering altar of Xom.
  7540 | D:7      | Found a shimmering altar of Xom.
  8321 | D:7      | Found a staircase to the Ecumenical Temple.
  8347 | Temple   | Entered the Ecumenical Temple
  8377 | Temple   | Became a worshipper of Gozag Ym Sagoz the Greedy
  8575 | D:7      | Found an ornate altar of the Wu Jian Council.
  8985 | D:8      | Reached XP level 10. HP: 43/46 MP: 8/26
  9727 | D:8      | Found a stormy altar of Qazlal.
 10084 | D:9      | Found a glowing silver altar of Zin.
 10093 | D:9      | Reached skill level 12 in Spellcasting
 10095 | D:9      | Identified the ring of Lilacs {+Blink rC+ AC+4 SInv}
 10389 | D:9      | Found a glowing golden altar of the Shining One.
 10823 | D:9      | Found Atasumn's Superior Scales.
 10970 | D:9      | Noticed a two-headed ogre
 10983 | D:9      | Killed a two-headed ogre
 11259 | D:9      | Found a staircase to the Lair.
 11638 | D:9      | Found a blossoming altar of Fedhas.
 11728 | D:10     | Entered Level 10 of the Dungeon
 11826 | D:10     | Noticed a two-headed ogre
 11832 | D:10     | Killed a two-headed ogre
 11833 | D:10     | Reached skill level 13 in Spellcasting
 12034 | D:10     | Reached skill level 5 in Conjurations
 12237 | D:10     | Found a sacrificial altar of Ru.
 12620 | D:10     | Found a radiant altar of Vehumet.
 12677 | D:10     | Reached XP level 11. HP: 49/49 MP: 11/29
 12683 | D:10     | Reached skill level 1 in Staves
 12962 | D:10     | Noticed Nergalle
 12969 | D:10     | Killed Nergalle
 12970 | D:10     | Reached skill level 5 in Dodging
 13379 | D:10     | Found a shadowy altar of Dithmenos.
 13470 | D:11     | Noticed a two-headed ogre
 13476 | D:11     | Killed a two-headed ogre
 13584 | D:11     | Found Ofixzukk's Assorted Antiques.
 13590 | D:11     | Bought a scroll of teleportation for 93 gold pieces
 13590 | D:11     | Bought a scroll of teleportation for 93 gold pieces
 13590 | D:11     | Bought a potion of heal wounds for 155 gold pieces
 13936 | D:11     | Noticed a skeletal warrior
 13936 | D:11     | Noticed a skeletal warrior
 13959 | D:11     | Killed a skeletal warrior
 13960 | D:11     | Reached skill level 14 in Spellcasting
 13992 | D:11     | Killed a skeletal warrior
 14171 | D:11     | Noticed a skeletal warrior
 14200 | D:11     | Killed a skeletal warrior
 14632 | D:12     | Reached skill level 10 in Earth Magic
 14703 | D:12     | Noticed a two-headed ogre
 14708 | D:12     | Killed a two-headed ogre
 14900 | D:12     | Identified the ring of Suehy {Drain +Blink rElec rF+ rCorr}
 15147 | D:12     | Found a staircase to the Orcish Mines.
 15357 | D:12     | Reached XP level 12. HP: 54/54 MP: 13/31
 15641 | D:12     | Reached skill level 15 in Spellcasting
 16005 | D:12     | Noticed a two-headed ogre
 16028 | D:12     | Killed a two-headed ogre
 16456 | D:13     | Noticed a centaur warrior
 16461 | D:13     | Noticed a six-headed hydra
 16464 | D:13     | Noticed a centaur warrior
 16465 | D:13     | Killed a centaur warrior
 16753 | D:13     | Killed a centaur warrior
 16936 | D:13     | Killed a six-headed hydra
 17227 | D:13     | Noticed a two-headed ogre
 17232 | D:13     | Killed a two-headed ogre
 17346 | D:13     | Noticed a two-headed ogre
 17353 | D:13     | Killed a two-headed ogre
 17490 | D:13     | Reached skill level 16 in Spellcasting
 17735 | D:13     | Noticed a centaur warrior
 17742 | D:13     | Killed a centaur warrior
 17843 | D:13     | Identified a scroll of acquirement
 18090 | D:13     | Acquired the +3 buckler "Dixo" {+Blink Dex+2}
 18202 | Lair:1   | Entered Level 1 of the Lair of Beasts
 18919 | Lair:1   | Noticed Maggie
 18926 | Lair:1   | Killed Maggie
 19236 | Lair:2   | Noticed a six-headed hydra
 19255 | Lair:1   | Killed a six-headed hydra
 19256 | Lair:1   | Reached XP level 13. HP: 59/59 MP: 21/34
 19529 | Lair:2   | Found a hole to the Spider Nest.
 21515 | Lair:3   | Reached skill level 17 in Spellcasting
 21830 | Lair:3   | Found a staircase to the Swamp.
 21835 | Lair:3   | Learned a level 3 spell: Mephitic Cloud
 22868 | Lair:4   | Found a dark tunnel.
 22890 | Volcano  | Entered a volcano
 24089 | Lair:4   | Reached XP level 14. HP: 29/63 MP: 13/36
 24739 | Lair:5   | Entered Level 5 of the Lair of Beasts
 24767 | Lair:5   | Bought a potion of heal wounds for 70 gold pieces
 24767 | Lair:5   | Bought a potion of heal wounds for 70 gold pieces
 24767 | Lair:5   | Bought a potion of heal wounds for 70 gold pieces
 24767 | Lair:5   | Bought a potion of degeneration for 14 gold pieces
 24767 | Lair:5   | Bought 2 potions of curing for 84 gold pieces
 24767 | Lair:5   | Bought a potion of might for 56 gold pieces
 24767 | Lair:5   | Bought a potion of enlightenment for 70 gold pieces
 24782 | Lair:5   | Reached skill level 18 in Spellcasting
 24827 | Lair:5   | Found a runed translucent door.
 25018 | Lair:5   | Found a staircase to the Slime Pits.
 25018 | Lair:5   | Noticed an acid blob
 25531 | Lair:4   | HP: 3/63 [skyshark (13)]
 25533 | Lair:4   | Slain by a skyshark

Illustrated notes

Levels and vault maps discovered:
D:1:      psy_arrival_conway, layout_rooms, serial_shops,
          nicolae_shop_tiny_statue_garden, reono_crystal_passage, st_stairs_9,
          minmay_worlds_worst_comb
D:2:      layout_loops_ring, serial_shops, nicolae_shop_hallway_plus,
          serial_glass, glass_columns_b, glass_columns_c, due_unseen_surprise,
          item_on_display_a, minmay_strange_pillars, feat_on_display
D:3:      layout_basic, serial_shops, shop
D:4:      layout_loops_ring, mainiacjoe_overflow_24_doors,
          minmay_fractal_squares_diagonal_5, uniq_grinder, uniq_eustachio
D:5:      layout_rooms, uniq_crazy_yiuf_cottage, uniq_pikel, uniq_duvessa
D:6:      layout_cave_pools, nicolae_elemental_shop
D:7:      layout_cave_pools, nzn_wu_jian_council_hall, xom_redecorated,
          minmay_temple_entry_offerings
D:8:      layout_basic, lemuel_round_altar
D:9:      layout_loops_ring, fedhas_altar_1, mainiacjoe_overflow_catwalk_spiral,
          serial_bayou_ford_a, nicolae_kite_square_tiling_tiny, st_stairs_10,
          minivault_19, minivault_21, hellmonk_scale_shop
D:10:     layout_roguey, kennysheep_mini, mainiacjoe_overflow_alcove_4,
          mainiacjoe_overflow_surrounded_room, uniq_nergalle
D:11:     layout_roguey, serial_shops, nicolae_shop_rolling_square,
          grunt_ministairs_3
D:12:     nrook_guardian_serpent_snake_passage, layout_irregular_city,
          orc_0_dummy, serial_column_ruins, column_ruins_grid_3,
          column_ruins_corridor_corner, column_ruins_grid_1,
          minmay_unpleasant_kobolds
D:13:     layout_basic
D:14:     layout_loops_corners, david_vaults_2, gauntlet_entry_generic,
          drop_trap, bloody_trog, uniq_azrael, uniq_jorgrun
Temple:   nicolae_temple_hex_pool
Lair:1:   layout_chaotic_city, serial_bayou_pond_c, lemuel_fruit_fields,
          infiniplex_staircase_pool, uniq_maggie
Lair:2:   layout_gridlike, spider_nest_entry_webs
Lair:3:   layout_loops_ring, swamp_mist
Lair:4:   minmay_lair_oklob_chamber, layout_layer_cave,
          lightli_volcano_entry_magma_tube, minivault_19,
          grunt_forest_large_clearing_hut
Lair:5:   gammafunk_lair_ancient_temple, layout_loops_ring, slime_entry_2

Skill      XL: |  1  2  3  4  5  6  7  8  9 10 11 12 13 14 |
---------------+-------------------------------------------+-----
Spellcasting   | 3 4 5 6 8 10 11 13 14 16 17 18 | 18.2
Earth Magic    | 3 4 5 6 7 8 9 10 11 12 | 12.8
Dodging        | 3 4 5 6 7 |  7.7
Fighting       | 1 2 |  2.8
Conjurations   | 1 3 5 6 7 8 9 |  9.1
Stealth        | 4 5 6 |  6.8
Transmutations | 2 3 |  3.1
Staves         | 1 2 |  2.0

Action                     |  1- 3 |  4- 6 |  7- 9 | 10-12 | 13-15 || total
---------------------------+-------+-------+-------+-------+-------++-------
  Melee: Staff             |       |       |    18 |    28 |    54 ||   100
  Throw: Dart              |       |       |       |     1 |       ||     1
   Cast: Sandblast         |    52 |    68 |    80 |     4 |     7 ||   211
         Stone Arrow       |     2 |     2 |   129 |   336 |   285 ||   754
         Petrify           |       |       |     2 |     5 |     2 ||     9
         Passwall          |       |       |       |     2 |       ||     2
         Mephitic Cloud    |       |       |       |       |     1 ||     1
 Invoke: Potion Petition   |       |       |       |       |     1 ||     1
         Call Merchant     |       |       |       |       |     1 ||     1
  Evoke: Wand              |       |     3 |     5 |    11 |     8 ||    27
    Use: Scroll            |     1 |       |     7 |    11 |     5 ||    24
         Potion            |       |     2 |       |       |     2 ||     4
   Stab: Distracted        |       |       |       |       |     1 ||     1
 Armour: Robe              |     7 |     6 |    37 |    52 |   133 ||   235
  Dodge: Dodged            |    21 |    21 |    75 |   116 |   239 ||   472

Table legend: (Time is in decaauts)
 A = Elapsed time spent in this place.
 B = Non-inter-level travel time spent in this place.
 C = Inter-level travel time spent in this place.
 D = Time resting spent in this place.
 E = Time spent auto-exploring this place.
 F = Levels seen in this place.
 G = Mean time per level.
                   A        B        C        D        E       F      G
               +--------+--------+--------+--------+--------+-----+--------+
         Total |  20831 |  20314 |    517 |   5503 |  11654 |  21 |  992.0 |
       Dungeon |  14787 |  14393 |    394 |   4562 |   7684 |  14 | 1056.2 |
        Temple |     38 |      7 |     31 |      0 |      0 |   1 |   38.0 |
          Lair |   5605 |   5514 |     91 |    843 |   3892 |   5 | 1121.0 |
       Volcano |    400 |    400 |      0 |     98 |     78 |   1 |  400.0 |
               +--------+--------+--------+--------+--------+-----+--------+

Top non-repeatable levels by time:
  Lair:4: 1900 daAuts
    D:12: 1703 daAuts
     D:4: 1551 daAuts
     D:6: 1497 daAuts
     D:9: 1465 daAuts
  Lair:3: 1414 daAuts
    D:10: 1390 daAuts
    D:13: 1270 daAuts
     D:7: 1229 daAuts
     D:5: 1168 daAuts
  Lair:1: 1125 daAuts
    D:11: 923 daAuts
  Lair:2: 855 daAuts
     D:8: 806 daAuts
     D:3: 730 daAuts
